 Dungeon Crawl Stone Soup version 0.23.1 (webtiles) character file.

Game seed: 15949032463852812377

217 pjoxt the Poker (level 5, -3/47 HPs)
             Began as a Draconian Monk on Mar 6, 2019.
             Slain by an ice beast (12 damage)
             ... on level 4 of the Dungeon.
             The game lasted 00:03:35 (1867 turns).

pjoxt the Poker (Draconian Monk)                    Turns: 1867, Time: 00:03:36

Health: -3/47      AC:  7    Str: 14    XL:     5   Next: 62%
Magic:  5/5        EV: 14    Int: 10    God:
Gold:   128        SH:  0    Dex: 14    Spells: 4/4 levels left

rFire    . . .     SeeInvis .   a - +0 spear
rCold    . . .     Gourm    .   (no shield)
rNeg     . . .     Faith    .   (armour unavailable)
rPois    .         Spirit   .   (helmet restricted)
rElec    .         Reflect  .   h - +0 cloak
rCorr    .         Harm     .   g - +0 pair of gloves
MR       .....                  (no boots)
Stlth    ++........             (no amulet)
HPRegen  0.15/turn              n - ring of wizardry
MPRegen  0.09/turn              (no ring)

@: lethally poisoned (-3 -> -4), slowed, very slow
A: unfitting armour, cold-blooded, AC +5
a: no special abilities


You were on level 4 of the Dungeon.
You were not hungry.

You visited 1 branch of the dungeon, and saw 4 of its levels.

You collected 128 gold pieces.

Inventory:

Hand Weapons
 a - a +0 spear (weapon)
Armour
 g - a +0 pair of gloves (worn)
 h - a +0 cloak (worn)
Jewellery
 n - a ring of wizardry (left hand)
Wands
 i - a wand of polymorph (7)
Scrolls
 c - 3 scrolls of enchant armour {unknown}
 e - a scroll of teleportation {unknown}
 f - a scroll of remove curse {unknown}
 j - a scroll of identify {unknown}
Potions
 d - a potion of curing {unknown}
 k - a potion of lignification {unknown}
 l - a potion of might {unknown}
Comestibles
 b - 5 rations


   Skills:
 + Level 4.5 Fighting
 * Level 4.9 Polearms
 + Level 3.7 Dodging
 - Level 2.0 Stealth


You had 4 spell levels left.
You didn't know any spells.
Your spell library was empty.

Dungeon Overview and Level Annotations

Branches:
Dungeon (4/15)
 Temple: D:4-7

Altars:
Qazlal


Innate Abilities, Weirdness & Mutations

Your plain brown scales are hard. (AC +5)
You cannot fit into any form of body armour.
You are cold-blooded and may be slowed by cold attacks.


Message History

You feel sick.
You feel sick.
You hit the ice beast.
The ice beast is lightly wounded.
The ice beast barely misses you.
You hit the ice beast.
The ice beast is lightly wounded.
You feel sick. The ice beast hits you. The ice beast freezes you.
You feel yourself slow down.
You hit the ice beast. You tail-slap the ice beast.
The ice beast is moderately wounded.
The ice beast hits you. The ice beast freezes you!
* * * LOW HITPOINT WARNING * * *
You barely miss the ice beast.
The ice beast is moderately wounded.
You feel yourself speed up. The ice beast hits you.
* * * LOW HITPOINT WARNING * * *
The ice beast freezes you!
You feel yourself slow down.
You die...

.# #...#.##.....# .# ##
##......####.### ..# ##
##.......####.####..#
.####...................#
....'.........'.........#
.####.........###.<.....#
## ##.......###....###..#
.# #...................#
.# #.#########@######..#
.# #O# ...#Y#.### # .#
#.# ao##.#...# .#
#.#####.##..#...##
#.....#+#...#....#
#.##........#'...#
#.###........###.#
#.#.#.........####.#
#.#.'#...⌠.........#


You could see an ice beast.

Vanquished Creatures
  An ogre (D:4)
  An orc wizard (D:4)
  A worker ant (D:4)
  3 adders
  An ooze (D:3)
  An adder skeleton (D:4)
  2 leopard geckos (D:1)
  An orc (D:2)
  3 giant cockroaches
  4 goblins
  5 hobgoblins
  6 jackals
  2 kobolds (D:1)
  5 bats (D:1)
  5 frilled lizards
  5 rats
46 creatures vanquished.

Notes
Turn   | Place    | Note
-------+----------+-------------------------------------------
     0 | D:1      | pjoxt the Draconian Monk began the quest for the Orb.
     0 | D:1      | Reached XP level 1. HP: 19/19 MP: 1/1
    84 | D:1      | Reached XP level 2. HP: 26/26 MP: 2/2
   708 | D:1      | Reached XP level 3. HP: 28/31 MP: 3/3
  1274 | D:4      | Reached XP level 4. HP: 37/40 MP: 4/4
  1292 | D:4      | Noticed an ogre
  1593 | D:4      | Killed an ogre
  1593 | D:4      | Reached XP level 5. HP: 18/47 MP: 5/5
  1798 | D:4      | Found a stormy altar of Qazlal.
  1835 | D:4      | Noticed an ice beast
  1867 | D:4      | Slain by an ice beast

Skill      XL: |  1  2  3  4 |
---------------+-------------+-----
Stealth        | 2 |  2.0
Dodging        | 3 |  3.7
Polearms       | 4 |  4.9
Fighting       | 4 |  4.5

Action                   |  1- 3 |  4- 6 || total
-------------------------+-------+-------++-------
Melee: Spear             |   133 |    80 ||   213
       Tailslap          |     9 |    10 ||    19
 Stab: Sleeping          |     6 |       ||     6
  Eat: Chunk             |     1 |     2 ||     3
Armor: Skin              |    30 |    18 ||    48
Dodge: Dodged            |    94 |    56 ||   150
